 Dungeon Crawl Stone Soup version 0.22-a0-247-gbddf880757 (webtiles) character file.

1668 Peterchen the Cleaver (level 8, -1/64 HPs)
             Began as a Minotaur Berserker on Feb 25, 2018.
             Was an Elder of Trog.
             Killed by divine providence
             ... invoked by an orc priest
              (11 damage)
             ... on level 6 of the Dungeon.
             The game lasted 00:11:07 (3944 turns).

Peterchen the Cleaver (Minotaur Berserker)          Turns: 3944, Time: 00:11:08

Health: -1/64      AC: 11    Str: 28    XL:     8   Next: 69%
Magic:  0/7        EV:  3    Int:  4    God:    Trog [****..]
Gold:   287        SH: 15    Dex:  9    Spells: 7/7 levels left

rFire    . . .     SeeInvis .   w - +0 war axe
rCold    . . .     Gourm    .   a - +2 large shield {rPois}
rNeg     . . .     Faith    .   u - +0 plate armour
rPois    +         Spirit   +   (helmet restricted)
rElec    .         Reflect  .   (no cloak)
rCorr    .         Harm     .   (no gloves)
MR       .....                  (no boots)
Stlth    ..........             y - amulet of guardian spirit
HPRegen  0.20/turn              l - ring of poison resistance
MPRegen  0.10/turn              n - +3 ring of strength

@: berserk cooldown, flying, very slightly contaminated, slowed, very slow
A: retaliatory headbutt, horns 2
a: Berserk, Trog's Hand, Brothers in Arms, Renounce Religion


You were on level 6 of the Dungeon.
You worshipped Trog.
Trog was greatly pleased with you.
You were very hungry.

You visited 1 branch of the dungeon, and saw 6 of its levels.

You collected 287 gold pieces.

Inventory:

Hand Weapons
 w - a +0 war axe (weapon)
Missiles
 t - 7 steel javelins (quivered)
Armour
 a - a +2 large shield of poison resistance (worn)
 u - a +0 plate armour (worn)
Jewellery
 l - a ring of poison resistance (left hand)
 n - a +3 ring of strength (right hand)
 q - an uncursed ring of resist corrosion
 y - an amulet of guardian spirit (around neck)
Scrolls
 e - a scroll of blinking
 f - 2 scrolls of magic mapping
 g - 6 scrolls of remove curse
 h - a scroll of enchant weapon
 i - 6 scrolls of teleportation
 o - a scroll of immolation
 p - a scroll of random uselessness
 v - 2 scrolls of identify
 x - a scroll of fog {unknown}
Potions
 d - 2 potions of invisibility {unknown}
 j - 2 potions of curing {unknown}
 k - a potion of might {unknown}
 m - 2 potions of flight
 r - a potion of degeneration {unknown}
 s - a potion of cancellation {unknown}
 z - 4 potions of mutation {unknown}
 A - a potion of magic {unknown}
Comestibles
 b - 16 chunks of flesh
 c - 5 rations


   Skills:
 - Level 3.6 Fighting
 * Level 13.2 Axes
 - Level 2.4 Armour
 - Level 2.1 Dodging


You had 7 spell levels left.
You didn't know any spells.

Dungeon Overview and Level Annotations

Branches:
Dungeon (6/15)             Temple (0/1) D:4

Altars:
Dithmenos
Fedhas
Gozag
Nemelex Xobeh
Qazlal
Sif Muna
Trog
Wu Jian
Yredelemnul


Innate Abilities, Weirdness & Mutations

You reflexively headbutt those who attack you in melee.
You have a pair of horns on your head.


Message History

You block the puff of flame.
The orc wizard points at you and mumbles some strange words.
The magic dart hits you!
You're still recovering from your berserk rage.
Your polar bear goes berserk!
You are feeling very hungry.
The orc wizard casts a spell at you. The puff of flame hits your polar bear.
The orc wizard gestures wildly while chanting.
The orc wizard seems to speed up.
The orc priest looks satisfied for a moment.
It was a potion of flight.
You feel very buoyant.
You fly up into the air.
Your polar bear completely misses the orc.
Your polar bear claws the orc.
Your polar bear closely misses the orc.
The orc barely misses your polar bear.
The orc priest invokes the aid of Beogh against you.
Beogh smites you!
You die...

#...##
#..o##....#
#..o##....#
###oo#....#
...o[...#
....h...#
#####....#
#.$†.#
#...@#
#....#
#....#
######


You could see 2 orc priests, an orc wizard, 2 orcs and a friendly polar bear
(berserk).

Vanquished Creatures
  A two-headed ogre (D:5)
  An orc warrior (D:6)
  A phantom (D:6)
  An ice beast (D:6)
  A sky beast (D:6)
  An ogre (D:4)
  A bullfrog (D:6)
  A howler monkey (D:6)
  A crimson imp (D:5)
  A bullfrog zombie (D:5)
  An orc wizard (D:4)
  2 orc priests (D:4)
  Terence (D:2)
  3 worker ants (D:5)
  A hound skeleton (D:4)
  A worker ant zombie (D:5)
  8 adders
  A shadow imp (D:6)
  2 oozes
  2 worms (D:4)
  5 dart slugs
  7 leopard geckos
  19 orcs
  A ball python (D:6)
  5 giant cockroaches
  5 goblins
  7 hobgoblins
  10 jackals
  4 kobolds
  5 quokkas
  8 bats
  7 frilled lizards
  A leopard gecko skeleton (D:6)
  A quokka skeleton (D:5)
  9 rats
126 creatures vanquished.

Vanquished Creatures (others)
  An orc wizard (D:4)
1 creature vanquished.

Grand Total: 127 creatures vanquished

Notes
Turn   | Place    | Note
-------+----------+-------------------------------------------
     0 | D:1      | Peterchen the Minotaur Berserker began the quest for the Orb.
     0 | D:1      | Reached XP level 1. HP: 19/19 MP: 0/0
   111 | D:1      | Reached skill level 4 in Axes
   129 | D:1      | Reached XP level 2. HP: 18/26 MP: 1/1
   494 | D:1      | Reached skill level 5 in Axes
   640 | D:2      | Reached ** piety under Trog
   640 | D:2      | Reached XP level 3. HP: 31/31 MP: 2/2
   972 | D:2      | Found an opulent altar of Gozag.
  1020 | D:2      | Noticed Terence
  1030 | D:2      | Killed Terence
  1030 | D:2      | Reached skill level 6 in Axes
  1030 | D:2      | Reached XP level 4. HP: 27/39 MP: 3/3
  1492 | D:2      | Found a basalt altar of Yredelemnul.
  1914 | D:3      | Found a bloodstained altar of Trog.
  1927 | D:3      | Reached *** piety under Trog
  1975 | D:3      | Found a sparkling altar of Nemelex Xobeh.
  1985 | D:3      | Reached XP level 5. HP: 45/45 MP: 4/4
  2202 | D:4      | Reached skill level 7 in Axes
  2277 | D:4      | Noticed an ogre
  2287 | D:4      | Killed an ogre
  2287 | D:4      | Reached skill level 8 in Axes
  2355 | D:4      | Reached XP level 6. HP: 18/51 MP: 5/5
  2587 | D:4      | Found an ornate altar of the Wu Jian Council.
  2908 | D:4      | Found a deep blue altar of Sif Muna.
  3028 | D:4      | Found a staircase to the Ecumenical Temple.
  3074 | D:5      | Entered Level 5 of the Dungeon
  3079 | D:5      | Reached skill level 9 in Axes
  3265 | D:5      | Found a blossoming altar of Fedhas.
  3276 | D:5      | Found a stormy altar of Qazlal.
  3401 | D:5      | Found a shadowy altar of Dithmenos.
  3531 | D:5      | Reached XP level 7. HP: 53/57 MP: 6/6
  3630 | D:5      | Noticed a two-headed ogre
  3638 | D:5      | Killed a two-headed ogre
  3638 | D:5      | Reached skill level 11 in Axes
  3638 | D:5      | Reached XP level 8. HP: 53/64 MP: 4/7
  3786 | D:6      | Reached skill level 12 in Axes
  3825 | D:6      | Reached **** piety under Trog
  3869 | D:6      | Reached skill level 13 in Axes
  3944 | D:6      | Killed from afar by an orc priest

Vault maps used:
D:1:      shiori_arrival_oz
D:2:      marbit_many_paths, overflow_temple_1_default, uniq_terence
D:3:      lemuel_crystal_altar, nemelex_xobeh_ov_fountains_minmay
D:4:      tgw_sif, lemuel_crystal_altar, temple_fountains, first_ration
D:5:      grunt_temple_overflow_forces_of_nature,
          nicolae_dithmenos_shadow_blocks

Skill      XL: |  1  2  3  4  5  6  7  8 |
---------------+-------------------------+-----
Axes           | 4 5 6 8 9 11 13 | 13.2
Fighting       | |  3.6
Armour         | |  2.4
Dodging        | |  2.1

Action                   |  1- 3 |  4- 6 |  7- 9 || total
-------------------------+-------+-------+-------++-------
Melee: Hand axe          |    76 |    45 |       ||   121
       Headbutt          |     6 |    29 |    13 ||    48
       War axe           |       |   108 |    55 ||   163
Invok: Berserk           |     3 |     2 |     3 ||     8
       Brothers in Arms  |       |       |     1 ||     1
  Use: Scroll            |     3 |     4 |     2 ||     9
       Potion            |       |       |     1 ||     1
  Eat: Chunk             |     2 |    11 |     4 ||    17
Armor: Animal skin       |     5 |       |       ||     5
       Scale mail        |    10 |    17 |       ||    27
       Plate armour      |       |    44 |    23 ||    67
Dodge: Dodged            |    53 |    36 |       ||    89
Block: Large shield      |       |    64 |    44 ||   108

Table legend:
 A = Spawn XP
 B = Non-spawn XP
 C = Spawn XP percentage of total XP
 D = Spawn monster count
 E = Non-spawn monster count
 F = Spawn count percentage of total count
 G = Total turns spent on level
                    A         B        C        D         E        F      G
               +---------+---------+-------+---------+---------+-------+---------
         Total |       0 |    2384 |   0.0 |       0 |     126 |   0.0 |  3944
               +---------+---------+-------+---------+---------+-------+---------
           D:1 |       0 |      39 |   0.0 |       0 |      22 |   0.0 |   635
           D:2 |       0 |     108 |   0.0 |       0 |      20 |   0.0 |   968
           D:3 |       0 |      53 |   0.0 |       0 |      23 |   0.0 |   598
           D:4 |       0 |     359 |   0.0 |       0 |      28 |   0.0 |   873
           D:5 |       0 |    1105 |   0.0 |       0 |      14 |   0.0 |   694
           D:6 |       0 |     720 |   0.0 |       0 |      19 |   0.0 |   176
               +---------+---------+-------+---------+---------+-------+---------
